cohdb
Replays
Latest Replays
All Replays
Popular Replays
Top Player Replays
Match Explorer
How It Works
Community
CoH3 Stats
Reddit
Sign in to upload your games and track your stats! →
Sign in with Steam
Match 41318084
Unlisted
Match 41318084
Overview
Messages
Build Orders
End
Selects Italian Combined Arms Battlegroup
Panzerpioneer Squad
Selects Bersaglieri Squad
Bersaglieri Squad
Kradschützen Motorcycle Team
Bersaglieri Squad
Construct Light Support Kompanie
MG34 Team
2.5-tonne Medical Truck
Bersaglieri Squad
Selects Bersaglieri Bolster
Fire Support Elements
Pak 38 Mechanized Group
Flakvierling Half-track
Pak 38 Anti-tank Gun Team
Selects Semovente da 75/18 Assault Gun
Selects Strafing Run
Strafing Run
Pak 38 Mechanized Group
Strafing Run
Construct Panzerarmee Kommand
Strafing Run
Vehicle Survival Package
Tungsten Core Ammunition
Selects Artillery Cover
Selects Vehicle Support - Force Recon
Armored Reserves
Artillery Cover
Panzer IV Assault Group
Strafing Run
Emergency Repair Kits
Strafing Run
Walking Stuka Rocket Launcher
Panzer IV Assault Group
Strafing Run
2.5-tonne Medical Truck
UH|dun! ツ
UH|ck
iceman
Phoenix
erikvandenwijngaard
korshunzgia
0
0
Comments
sign in to comment!
No comments posted yet!